WCHLSIM.com - West Coast Hockey League
html PUBLIC "-//W3C//DTD XHTML 1.0 Transitional//EN" "http://www.w3.org/TR/xhtml1/DTD/xhtml1-transitional.dtd"> WCHL - Game 526 - RENO LIONS vs SALEM BLACK JAYS

RENO LIONS vs SALEM BLACK JAYS

Created - 27 janvier 2021 at 20:47

Goals
1 2 3 OT1 T
RENO LIONS 2 2 0 0 4
SALEM BLACK JAYS 2 2 0 1 5
Shots
1 2 3 OT1 T
RENO LIONS 13 8 11 4 36
SALEM BLACK JAYS 10 9 7 2 28

1st period

1. SALEM BLACK JAYS , Dylan Larkin 15 (Mikko Rantanen 24) at 1:10
2. RENO LIONS , Ryan Pulock 3 (Colton Sceviour 4, Vincent Hinostroza 8) at 11:34
3. SALEM BLACK JAYS , Matthew Calvert 5 (Casey Cizikas 3, Martin Necas 4) at 15:21
4. RENO LIONS , Elias Pettersson 22 (Pierre-Luc Dubois 15) at 16:16

Penalties :
Jayce Hawryluk (REN) for Hooking (Minor) at 6:42, Jason Demers (SAL) for Hooking (Minor) at 8:00

2nd period

5. RENO LIONS , Blake Coleman 11 (William Karlsson 13, Anders Lee 20) at 2:51
6. SALEM BLACK JAYS , Mikko Rantanen 19 (Dylan Larkin 23, Josh Leivo 15) at 5:34
7. SALEM BLACK JAYS , Dylan Larkin 16 (Mitchell Marner 19, Brandon Saad 9) at 6:20 (PP)
8. RENO LIONS , William Karlsson 14 (Anders Lee 21, Thomas Greiss) at 17:20 (PP)

Penalties :
Jacob Trouba (REN) for Roughing (Minor) at 6:06, Robert Hagg (REN) for Tripping (Minor) at 7:50, Casey Cizikas (SAL) for Slashing (Double Minor) at 16:17

3rd period

No Goal

Penalties :
Ryan Pulock (REN) for Interference (Minor) at 7:46, Cody Ceci (SAL) for Holding (Minor) at 15:44, Blake Coleman (REN) for Interference (Minor) at 17:58, Mikko Rantanen (SAL) for Close Hand On Puck (Minor) at 19:22, Oliver Ekman-Larsson (REN) for High sticking (Minor) at 19:52

Overtime #1

9. SALEM BLACK JAYS , Mikko Rantanen 20 (Mitchell Marner 20) at 3:23

Penalties :
No Penalty

Goalie Stats

Thomas Greiss (REN), 23 saves from 28 shots - (0,821), OTL, 5-4-2, 63:24 minutes
Elvis Merzlikins (SAL), 32 saves from 36 shots - (0,889), W, 17-4-0, 63:24 minutes

Players Stats for RENO LIONS

Player Name              G  A  P  +/- PIM S  H  SB GA TA FO     MP     PP MP  PK MP  
------------------------------------------------------------------------------------
Anders Lee               0  2  2   0  0   1  0  0  0  0  0/1    23:18   2:26   4:50 
Blake Coleman            1  0  1   1  2   3  2  0  0  0  5/9    21:47   2:26   3:56 
Colton Sceviour          0  1  1  -2  0   2  1  0  0  0  1/3    13:23   0:00   2:45 
Elias Pettersson         1  0  1   1  0   3  4  0  0  0  10/21  21:57   3:53   0:00 
Ethan Bear               0  0  0  -3  0   0  0  1  0  0  0/0    15:25   0:00   4:07 
Evgeny Dadonov           0  0  0   1  0   4  0  0  0  0  0/2    19:41   3:53   0:00 
Jacob Trouba             0  0  0  -1  2   1  7  3  0  0  0/0    23:38   2:26   3:22 
Jayce Hawryluk           0  0  0   0  2   0  0  0  0  0  0/0     3:38   0:00   0:00 
Leo Komarov              0  0  0  -2  0   2  3  0  0  0  8/18   13:53   0:00   2:04 
Melker Karlsson          0  0  0   0  0   1  0  0  0  0  0/1     3:39   0:00   0:00 
Oliver Ekman-Larsson     0  0  0   3  2   1  4  1  0  0  0/0    21:08   2:26   0:32 
Oscar Klefbom            0  0  0   0  0   5  1  2  0  0  0/0    26:46   3:53   3:22 
Pierre-Luc Dubois        0  1  1   0  0   4  0  0  0  0  1/1    20:17   3:53   0:00 
Robert Hagg              0  0  0  -3  2   0  3  0  0  0  0/0    12:51   0:00   0:25 
Ryan Pulock              1  0  1   3  2   1  0  4  0  0  0/0    24:02   3:53   3:10 
Tomas Nosek              0  0  0   0  0   0  1  0  0  0  5/6     3:39   0:00   0:00 
Vincent Hinostroza       0  1  1  -2  0   4  0  0  0  0  0/0    11:26   0:00   0:48 
William Karlsson         1  1  2   1  0   4  0  0  0  0  15/29  21:21   2:26   0:00 

Players Stats for SALEM BLACK JAYS

Player Name              G  A  P  +/- PIM S  H  SB GA TA FO     MP     PP MP  PK MP  
------------------------------------------------------------------------------------
Andreas Athanasiou       0  0  0   0  0   2  0  0  0  0  0/0     6:21   0:11   0:35 
Brandon Saad             0  1  1   0  0   0  1  0  0  0  1/1    23:22   3:33   3:24 
Casey Cizikas            0  1  1  -1  4   0  2  0  0  0  11/18  12:14   0:00   2:10 
Cody Ceci                0  0  0   2  2   0  0  1  0  0  0/0    23:48   0:34   2:40 
Dylan Larkin             2  1  3   1  0   5  0  0  0  0  17/28  20:31   3:33   0:31 
Filip Chytil             0  0  0   0  0   1  0  0  0  0  5/9     8:06   0:11   2:20 
Jason Demers             0  0  0   2  2   0  1  0  0  0  0/0    20:35   3:29   2:47 
Josh Leivo               0  1  1   1  0   2  0  1  0  0  0/1    16:41   3:10   0:00 
Joshua Morrissey         0  0  0  -1  0   0  2  0  0  0  0/0    21:04   3:24   0:09 
Martin Necas             0  1  1  -1  0   1  1  0  0  0  1/3    10:46   0:00   0:00 
Mathew Barzal            0  0  0   0  0   4  1  0  0  0  10/25  22:28   3:10   0:00 
Matthew Calvert          1  0  1  -1  0   2  0  0  0  0  0/3    11:34   0:11   1:18 
Mikko Rantanen           2  1  3   2  2   4  1  0  0  0  0/1    17:38   3:09   0:00 
Mitchell Marner          0  2  2   1  0   6  0  0  0  0  0/1    21:33   3:33   0:00 
Nick Jensen              0  0  0   0  0   1  0  0  0  0  0/0    18:49   3:24   2:37 
Scott Mayfield           0  0  0  -2  0   0  2  0  0  0  0/0    22:18   0:00   2:23 
Travis Dermott           0  0  0   0  0   0  0  0  0  0  0/0    17:18   2:56   2:02 
Troy Terry               0  0  0   0  0   0  0  0  0  0  1/1     7:55   0:00   2:20 

3 Stars

1 - Dylan Larkin (SAL)
2 - Mikko Rantanen (SAL)
3 - Elias Pettersson (REN)

Power Play

RENO LIONS - 1 on 5 Attempt(s) - 20,00%
SALEM BLACK JAYS - 1 on 6 Attempt(s) - 16,67%

Penalty Kill

RENO LIONS - 5 on 6 Attempt(s) - 83,33% - Score 0 goal in Penalty Kill
SALEM BLACK JAYS - 4 on 5 Attempt(s) - 80,00% - Score 0 goal in Penalty Kill

Team Stat

RENO LIONS - Hits : 26 - Faceoff Wins : 45 - Blocked Shots : 11 - Penalty Minutes : 12
SALEM BLACK JAYS - Hits : 11 - Faceoff Wins : 46 - Blocked Shots : 2 - Penalty Minutes : 10

Official

Referees : Ben O'Quinn and Ryan Hersey
Linesman : Mark Shewchyk and Brian Mach

Game Notes

No Game Note

Finance

Level 1 -- Attendance: 6000 (100,00%) -- Ticket Income 918 000 $
Level 2 -- Attendance: 5000 (100,00%) -- Ticket Income 535 000 $
Level 3 -- Attendance: 1893 (94,65%) -- Ticket Income 155 226 $
Level 4 -- Attendance: 4000 (100,00%) -- Ticket Income 232 000 $
Luxury Box -- Attendance: 970 (97,00%) -- Ticket Income 269 660 $
Game was played at the Demon Arena.
Total Attendance: 17863 (99,24%)
Total Ticket Income: 2 109 886 $
Other Expense: 21 099 $
Total Income: 2 088 787 $

RENO LIONS

5 vs 5 Forward 
   Center                   Left Wing                Right Wing               Time % Phy DF OF 
 1 Elias Pettersson         Pierre-Luc Dubois        Evgeny Dadonov           33     0   2  3  
 2 William Karlsson         Anders Lee               Blake Coleman            33     0   2  3  
 3 Leo Komarov              Vincent Hinostroza       Colton Sceviour          24     2   2  1  
 4 Tomas Nosek              Melker Karlsson          Jayce Hawryluk           10     2   3  0  

5 vs 5 Defense 
   Defense                  Defense                                           Time % Phy DF OF 
 1 Oscar Klefbom            Jacob Trouba                                      36     1   2  2  
 2 Oliver Ekman-Larsson     Ryan Pulock                                       36     1   2  2  
 3 Robert Hagg              Ethan Bear                                        23     1   2  2  
 4 Oscar Klefbom            Jacob Trouba                                      5      1   2  2  

PowerPlay Forward 
   Center                   Left Wing                Right Wing               Time % Phy DF OF 
 1 Elias Pettersson         Pierre-Luc Dubois        Evgeny Dadonov           55     1   0  4  
 2 William Karlsson         Anders Lee               Blake Coleman            45     1   0  4  

PowerPlay Defense
   Defense                  Defense                                           Time % Phy DF OF 
 1 Oscar Klefbom            Ryan Pulock                                       55     0   1  4  
 2 Oliver Ekman-Larsson     Jacob Trouba                                      45     0   1  4  

Penalty Kill 4 Players Forward 
   Center                   Wing                     Time % Phy DF OF 
 1 Blake Coleman            Anders Lee               55     1   3  1  
 2 Leo Komarov              Colton Sceviour          45     1   3  1  

Penalty Kill 4 Players Defense
   Defense                  Defense                  Time % Phy DF OF 
 1 Oscar Klefbom            Jacob Trouba             55     1   3  1  
 2 Ethan Bear               Ryan Pulock              45     1   3  1  

Penalty Kill - 3 Players Forward 
   Forward                                           Time % Phy DF OF 
 1 Blake Coleman                                     55     0   5  0  
 2 Elias Pettersson                                  45     0   5  0  

Penalty Kill - 3 Players Defense
   Defense                  Defense                  Time % Phy DF OF 
 1 Ethan Bear               Ryan Pulock              55     0   5  0  
 2 Oscar Klefbom            Jacob Trouba             45     0   5  0  

4 vs 4 Forward 
   Center                   Wing                     Time % Phy DF OF 
 1 William Karlsson         Leo Komarov              55     1   2  2  
 2 Pierre-Luc Dubois        Evgeny Dadonov           45     1   2  2  

4 vs 4 Defense
   Defense                  Defense                  Time % Phy DF OF 
 1 Oliver Ekman-Larsson     Robert Hagg              55     1   2  2  
 2 Ethan Bear               Jacob Trouba             45     1   2  2  

Last Minutes Offensive
   Center                   Left Wing                Right Wing               Defense                  Defense                  
   Elias Pettersson         Pierre-Luc Dubois        Evgeny Dadonov           Oscar Klefbom            Ryan Pulock              

Last Minutes Defensive
   Center                   Left Wing                Right Wing               Defense                  Defense                  
   Elias Pettersson         Anders Lee               Blake Coleman            Oscar Klefbom            Jacob Trouba             

Goaltenders
Starting : Thomas Greiss            
Backup : Jaroslav Halak           

Extra Forwards
Normal : Tomas Nosek, Melker Karlsson, Vincent Hinostroza - PP : Vincent Hinostroza, Melker Karlsson - PK : Colton Sceviour
Extra Defensemen
Normal : Robert Hagg, Oliver Ekman-Larsson, Ethan Bear - PP : Robert Hagg - PK : Oliver Ekman-Larsson, Robert Hagg
Penalty Shots
Elias Pettersson, Pierre-Luc Dubois, Evgeny Dadonov, William Karlsson, Anders Lee
Custom OT Lines Forwards
Elias Pettersson, William Karlsson, Anders Lee, Pierre-Luc Dubois, Evgeny Dadonov, Blake Coleman, Leo Komarov, Colton Sceviour, Melker Karlsson, Vincent Hinostroza
Custom OT Lines Defensemen
Oscar Klefbom, Jacob Trouba, Oliver Ekman-Larsson, Ryan Pulock, Ethan Bear

Scratches
Cam Atkinson (Bruised Left Arm Injury)

SALEM BLACK JAYS

5 vs 5 Forward 
   Center                   Left Wing                Right Wing               Time % Phy DF OF 
 1 Mathew Barzal            Brandon Saad             Mitchell Marner          36     0   1  4  
 2 Dylan Larkin             Josh Leivo               Mikko Rantanen           31     0   1  4  
 3 Casey Cizikas            Matthew Calvert          Martin Necas             23     1   2  2  
 4 Filip Chytil             Andreas Athanasiou       Troy Terry               10     1   2  2  

5 vs 5 Defense 
   Defense                  Defense                                           Time % Phy DF OF 
 1 Scott Mayfield           Joshua Morrissey                                  36     0   4  1  
 2 Jason Demers             Cody Ceci                                         31     0   4  1  
 3 Travis Dermott           Nick Jensen                                       23     0   4  1  
 4 Scott Mayfield           Cody Ceci                                         10     0   3  2  

PowerPlay Forward 
   Center                   Left Wing                Right Wing               Time % Phy DF OF 
 1 Mathew Barzal            Josh Leivo               Mikko Rantanen           55     0   1  4  
 2 Dylan Larkin             Brandon Saad             Mitchell Marner          45     0   1  4  

PowerPlay Defense
   Defense                  Defense                                           Time % Phy DF OF 
 1 Joshua Morrissey         Nick Jensen                                       55     0   0  5  
 2 Jason Demers             Travis Dermott                                    45     0   0  5  

Penalty Kill 4 Players Forward 
   Center                   Wing                     Time % Phy DF OF 
 1 Casey Cizikas            Brandon Saad             55     1   3  1  
 2 Filip Chytil             Troy Terry               45     1   3  1  

Penalty Kill 4 Players Defense
   Defense                  Defense                  Time % Phy DF OF 
 1 Scott Mayfield           Nick Jensen              55     1   2  2  
 2 Cody Ceci                Jason Demers             45     1   2  2  

Penalty Kill - 3 Players Forward 
   Forward                                           Time % Phy DF OF 
 1 Casey Cizikas                                     55     1   3  1  
 2 Brandon Saad                                      45     1   3  1  

Penalty Kill - 3 Players Defense
   Defense                  Defense                  Time % Phy DF OF 
 1 Scott Mayfield           Nick Jensen              55     1   2  2  
 2 Cody Ceci                Jason Demers             45     1   2  2  

4 vs 4 Forward 
   Center                   Wing                     Time % Phy DF OF 
 1 Dylan Larkin             Mitchell Marner          55     1   2  2  
 2 Mathew Barzal            Mikko Rantanen           45     1   2  2  

4 vs 4 Defense
   Defense                  Defense                  Time % Phy DF OF 
 1 Nick Jensen              Joshua Morrissey         55     1   2  2  
 2 Cody Ceci                Scott Mayfield           45     1   2  2  

Last Minutes Offensive
   Center                   Left Wing                Right Wing               Defense                  Defense                  
   Mathew Barzal            Brandon Saad             Mitchell Marner          Jason Demers             Joshua Morrissey         

Last Minutes Defensive
   Center                   Left Wing                Right Wing               Defense                  Defense                  
   Mathew Barzal            Brandon Saad             Mitchell Marner          Jason Demers             Joshua Morrissey         

Goaltenders
Starting : Elvis Merzlikins         
Backup : Juuse Saros              

Extra Forwards
Normal : Dylan Larkin, Martin Necas, Filip Chytil - PP : Mathew Barzal, Filip Chytil - PK : Matthew Calvert
Extra Defensemen
Normal : Nick Jensen, Travis Dermott, Cody Ceci - PP : Nick Jensen - PK : Travis Dermott, Cody Ceci
Penalty Shots
Mikko Rantanen, Mitchell Marner, Mathew Barzal, Dylan Larkin, Brandon Saad
Custom OT Lines Forwards
Mathew Barzal, Dylan Larkin, Mitchell Marner, Mikko Rantanen, Brandon Saad, Josh Leivo, Matthew Calvert, Martin Necas, Filip Chytil, Casey Cizikas
Custom OT Lines Defensemen
Cody Ceci, Joshua Morrissey, Jason Demers, Scott Mayfield, Nick Jensen

Scratches
Michal Kempny (Left Hip Injury), Matthew Highmore (Healthy), Par Lindholm (Healthy), Scott Harrington (Healthy)

% Time on Ice - RENO LIONS

Lines # - Real PCT - Wanted PCT - Time Play
Normal Forward
1 - 35% - 33% - 15:46
2 - 34% - 33% - 15:26
3 - 23% - 24% - 10:38
4 - 8% - 10% - 3:39
Normal Defense
1 - 37% - 36% - 16:48
2 - 37% - 36% - 17:00
3 - 25% - 23% - 11:16
4 - 1% - 5% - 0:25
PP Forward
1 - 61% - 55% - 3:53
2 - 39% - 45% - 2:26
PP Defense
1 - 61% - 55% - 3:53
2 - 39% - 45% - 2:26
PK Forward
1 - 70% - 55% - 4:50
2 - 30% - 45% - 2:04
PK Defense
1 - 48% - 55% - 3:17
2 - 52% - 45% - 3:37
PK3 Forward
1 - 100% - 55% - 0:35
2 - 0% - 45% - 0:00
PK3 Defense
1 - 86% - 55% - 0:30
2 - 14% - 45% - 0:05
44 Forward
1 - 97% - 55% - 1:11
2 - 3% - 45% - 0:02
44 Defense
1 - 97% - 55% - 1:11
2 - 3% - 45% - 0:02
Last Minute Offensive  - 0:00
Last Minute Defensive  - 0:00
Total
Forward - 60:30
Defense - 60:30

% Time on Ice - SALEM BLACK JAYS

Lines # - Real PCT - Wanted PCT - Time Play
Normal Forward
1 - 36% - 36% - 16:18
2 - 30% - 31% - 13:31
3 - 22% - 23% - 10:05
4 - 12% - 10% - 5:35
Normal Defense
1 - 35% - 36% - 15:55
2 - 31% - 31% - 13:54
3 - 26% - 23% - 11:40
4 - 9% - 10% - 4:00
PP Forward
1 - 46% - 55% - 3:10
2 - 54% - 45% - 3:44
PP Defense
1 - 49% - 55% - 3:24
2 - 51% - 45% - 3:30
PK Forward
1 - 63% - 55% - 3:59
2 - 37% - 45% - 2:20
PK Defense
1 - 41% - 55% - 2:37
2 - 59% - 45% - 3:42
PK3 Forward
1 - 0% - 55%
2 - 0% - 45%
PK3 Defense
1 - 0% - 55%
2 - 0% - 45%
44 Forward
1 - 65% - 55% - 1:10
2 - 35% - 45% - 0:38
44 Defense
1 - 63% - 55% - 1:08
2 - 37% - 45% - 0:40
Last Minute Offensive  - 0:00
Last Minute Defensive  - 0:00
Total
Forward - 60:30
Defense - 60:30

Play-by-Play

1st period


0:01 of 1st period - Elias Pettersson wins face-off versus Mathew Barzal in neutral zone.
0:24 of 1st period - Off-side.
0:25 of 1st period - Dylan Larkin wins face-off versus William Karlsson in neutral zone.
0:32 of 1st period - Icing by Blake Coleman.
0:33 of 1st period - William Karlsson wins face-off versus Martin Necas in RENO LIONS zone.
0:33 of 1st period - William Karlsson is hit by Casey Cizikas.
0:41 of 1st period - Shot by Blake Coleman.
0:41 of 1st period - Stopped by Elvis Merzlikins without a rebound.
0:42 of 1st period - Leo Komarov wins face-off versus Josh Leivo in SALEM BLACK JAYS zone.
1:10 of 1st period - Shot by Dylan Larkin.
1:10 of 1st period - Goal by Dylan Larkin - RENO LIONS : 0 - SALEM BLACK JAYS : 1.
1:11 of 1st period - Tomas Nosek wins face-off versus Martin Necas in neutral zone.
1:16 of 1st period - Shot by Oliver Ekman-Larsson.
1:16 of 1st period - Stopped by Elvis Merzlikins without a rebound.
1:17 of 1st period - Troy Terry wins face-off versus William Karlsson in SALEM BLACK JAYS zone.
1:17 of 1st period - Troy Terry is hit by Blake Coleman.
1:31 of 1st period - Shot by Filip Chytil.
1:31 of 1st period - Deflect By Andreas Athanasiou.
1:31 of 1st period - Shot Blocked by Oliver Ekman-Larsson.
1:52 of 1st period - Icing by Filip Chytil.
1:53 of 1st period - Filip Chytil wins face-off versus Evgeny Dadonov in SALEM BLACK JAYS zone.
2:35 of 1st period - Off-side.
2:36 of 1st period - Tomas Nosek wins face-off versus Casey Cizikas in neutral zone.
3:08 of 1st period - Shot by Melker Karlsson.
3:08 of 1st period - Stopped by Elvis Merzlikins with a rebound.
3:39 of 1st period - Mitchell Marner is hit by Leo Komarov and loses puck.
3:52 of 1st period - Shot by Mitchell Marner.
3:52 of 1st period - Stopped by Thomas Greiss without a rebound.
3:53 of 1st period - Dylan Larkin wins face-off versus Anders Lee in RENO LIONS zone.
4:06 of 1st period - Shot by Mikko Rantanen.
4:06 of 1st period - Stopped by Thomas Greiss with a rebound.
5:34 of 1st period - Shot by Pierre-Luc Dubois.
5:34 of 1st period - Stopped by Elvis Merzlikins without a rebound.
5:35 of 1st period - Mathew Barzal wins face-off versus Leo Komarov in SALEM BLACK JAYS zone.
6:42 of 1st period - Minor Penalty to Jayce Hawryluk for Hooking.
6:43 of 1st period - Dylan Larkin wins face-off versus Blake Coleman in RENO LIONS zone.
7:12 of 1st period - Shot by Mitchell Marner.
7:12 of 1st period - Shot Misses the Net.
7:38 of 1st period - Oscar Klefbom is hit by Mikko Rantanen and loses puck.
8:00 of 1st period - Minor Penalty to Jason Demers for Hooking.
8:01 of 1st period - Dylan Larkin wins face-off versus William Karlsson in SALEM BLACK JAYS zone.
8:01 of 1st period - Dylan Larkin is hit by Leo Komarov.
8:53 of 1st period - Shot by Oscar Klefbom.
8:53 of 1st period - Stopped by Elvis Merzlikins without a rebound.
8:54 of 1st period - Casey Cizikas wins face-off versus Elias Pettersson in SALEM BLACK JAYS zone.
8:54 of 1st period - Casey Cizikas is hit by Elias Pettersson.
9:20 of 1st period - Shot by Oscar Klefbom.
9:20 of 1st period - Stopped by Elvis Merzlikins without a rebound.
9:21 of 1st period - Filip Chytil wins face-off versus William Karlsson in SALEM BLACK JAYS zone.
10:01 of 1st period - Shot by William Karlsson.
10:01 of 1st period - Stopped by Elvis Merzlikins without a rebound.
10:02 of 1st period - Elias Pettersson wins face-off versus Dylan Larkin in SALEM BLACK JAYS zone.
10:14 of 1st period - Elias Pettersson is hit by Scott Mayfield and loses puck.
11:32 of 1st period - Shot by Colton Sceviour.
11:32 of 1st period - Shot Misses the Net.
11:34 of 1st period - Shot by Ryan Pulock.
11:34 of 1st period - Goal by Ryan Pulock - RENO LIONS : 1 - SALEM BLACK JAYS : 1.
11:35 of 1st period - William Karlsson wins face-off versus Mathew Barzal in neutral zone.
11:40 of 1st period - Shot by Anders Lee.
11:40 of 1st period - Shot Misses the Net.
11:50 of 1st period - Shot by Mitchell Marner.
11:50 of 1st period - Stopped by Thomas Greiss with a rebound.
11:52 of 1st period - Shot by Mathew Barzal.
11:52 of 1st period - Deflect By Mitchell Marner.
11:52 of 1st period - Shot Misses the Net.
12:34 of 1st period - Shot by Martin Necas.
12:34 of 1st period - Deflect By Matthew Calvert.
12:34 of 1st period - Shot Misses the Net.
12:36 of 1st period - Shot by Travis Dermott.
12:36 of 1st period - Shot Blocked by Oscar Klefbom.
12:38 of 1st period - Shot by Nick Jensen.
12:38 of 1st period - Deflect By Martin Necas.
12:38 of 1st period - Stopped by Thomas Greiss with a rebound.
13:34 of 1st period - Andreas Athanasiou is hit by Oscar Klefbom and loses puck.
13:37 of 1st period - Shot by Filip Chytil.
13:37 of 1st period - Deflect By Andreas Athanasiou.
13:37 of 1st period - Shot Blocked by Jacob Trouba.
13:39 of 1st period - Shot by Troy Terry.
13:39 of 1st period - Shot Misses the Net.
13:41 of 1st period - Shot by Andreas Athanasiou.
13:41 of 1st period - Shot Misses the Net.
14:11 of 1st period - Mitchell Marner is hit by Jacob Trouba and loses puck.
14:59 of 1st period - Shot by Evgeny Dadonov.
14:59 of 1st period - Stopped by Elvis Merzlikins without a rebound.
15:00 of 1st period - Leo Komarov wins face-off versus Casey Cizikas in SALEM BLACK JAYS zone.
15:21 of 1st period - Shot by Matthew Calvert.
15:21 of 1st period - Goal by Matthew Calvert - RENO LIONS : 1 - SALEM BLACK JAYS : 2.
15:22 of 1st period - Dylan Larkin wins face-off versus Elias Pettersson in neutral zone.
15:25 of 1st period - Shot by Josh Leivo.
15:25 of 1st period - Stopped by Thomas Greiss without a rebound.
15:26 of 1st period - Dylan Larkin wins face-off versus Elias Pettersson in RENO LIONS zone.
15:41 of 1st period - Shot by Mikko Rantanen.
15:41 of 1st period - Shot Misses the Net.
15:47 of 1st period - Shot by Elias Pettersson.
15:47 of 1st period - Stopped by Elvis Merzlikins without a rebound.
15:48 of 1st period - Leo Komarov wins face-off versus Matthew Calvert in SALEM BLACK JAYS zone.
15:54 of 1st period - Icing by Casey Cizikas.
15:55 of 1st period - Casey Cizikas wins face-off versus Elias Pettersson in SALEM BLACK JAYS zone.
16:02 of 1st period - Shot by Matthew Calvert.
16:02 of 1st period - Shot Blocked by Ryan Pulock.
16:16 of 1st period - Shot by Elias Pettersson.
16:16 of 1st period - Goal by Elias Pettersson - RENO LIONS : 2 - SALEM BLACK JAYS : 2.
16:17 of 1st period - Leo Komarov wins face-off versus Mathew Barzal in neutral zone.
16:20 of 1st period - Shot by Vincent Hinostroza.
16:20 of 1st period - Deflect By Colton Sceviour.
16:20 of 1st period - Stopped by Elvis Merzlikins without a rebound.
16:21 of 1st period - Elias Pettersson wins face-off versus Mathew Barzal in SALEM BLACK JAYS zone.
16:22 of 1st period - Shot by Pierre-Luc Dubois.
16:22 of 1st period - Deflect By Evgeny Dadonov.
16:22 of 1st period - Stopped by Elvis Merzlikins without a rebound.
16:23 of 1st period - Elias Pettersson wins face-off versus Mathew Barzal in SALEM BLACK JAYS zone.
16:53 of 1st period - Mitchell Marner is hit by Oliver Ekman-Larsson and loses puck.
17:10 of 1st period - Mathew Barzal is hit by Elias Pettersson and loses puck.
17:55 of 1st period - Shot by Mikko Rantanen.
17:55 of 1st period - Deflect By Dylan Larkin.
17:55 of 1st period - Stopped by Thomas Greiss without a rebound.
17:56 of 1st period - Casey Cizikas wins face-off versus Melker Karlsson in RENO LIONS zone.
17:59 of 1st period - Shot by Matthew Calvert.
17:59 of 1st period - Shot Misses the Net.
18:26 of 1st period - Shot by Martin Necas.
18:26 of 1st period - Deflect By Matthew Calvert.
18:26 of 1st period - Stopped by Thomas Greiss without a rebound.
18:27 of 1st period - Dylan Larkin wins face-off versus Elias Pettersson in RENO LIONS zone.
18:49 of 1st period - Shot by Mikko Rantanen.
18:49 of 1st period - Deflect By Josh Leivo.
18:49 of 1st period - Shot Blocked by Ryan Pulock.
18:51 of 1st period - Shot by Dylan Larkin.
18:51 of 1st period - Shot Misses the Net.
19:42 of 1st period - Shot by Andreas Athanasiou.
19:42 of 1st period - Stopped by Thomas Greiss without a rebound.
19:43 of 1st period - Leo Komarov wins face-off versus Mathew Barzal in RENO LIONS zone.
19:43 of 1st period - Leo Komarov is hit by Mathew Barzal.
19:51 of 1st period - Shot by Leo Komarov.
19:51 of 1st period - Shot Misses the Net.
19:53 of 1st period - Shot by Vincent Hinostroza.
19:53 of 1st period - Shot Misses the Net.
Goals for this period are 2 for RENO LIONS vs 2 for SALEM BLACK JAYS.
Shots for this period are 13 for RENO LIONS vs 10 for SALEM BLACK JAYS.

2nd period


0:01 of 2nd period - William Karlsson wins face-off versus Mathew Barzal in neutral zone.
0:46 of 2nd period - Shot by Anders Lee.
0:46 of 2nd period - Shot Blocked by Cody Ceci.
0:48 of 2nd period - Shot by Ryan Pulock.
0:48 of 2nd period - Shot Misses the Net.
0:57 of 2nd period - Mitchell Marner is hit by Jacob Trouba and loses puck.
1:31 of 2nd period - Shot by Pierre-Luc Dubois.
1:31 of 2nd period - Stopped by Elvis Merzlikins with a rebound.
1:39 of 2nd period - Shot by Elias Pettersson.
1:39 of 2nd period - Shot Misses the Net.
1:41 of 2nd period - Shot by Pierre-Luc Dubois.
1:41 of 2nd period - Deflect By Evgeny Dadonov.
1:41 of 2nd period - Shot Misses the Net.
1:53 of 2nd period - Shot by Vincent Hinostroza.
1:53 of 2nd period - Shot Misses the Net.
1:56 of 2nd period - Icing by Jason Demers.
1:57 of 2nd period - Tomas Nosek wins face-off versus Mathew Barzal in SALEM BLACK JAYS zone.
2:03 of 2nd period - Icing by Jason Demers.
2:04 of 2nd period - Leo Komarov wins face-off versus Mathew Barzal in SALEM BLACK JAYS zone.
2:04 of 2nd period - Colton Sceviour is hit by Jason Demers and loses puck.
2:07 of 2nd period - Shot by Colton Sceviour.
2:07 of 2nd period - Stopped by Elvis Merzlikins without a rebound.
2:08 of 2nd period - Casey Cizikas wins face-off versus William Karlsson in SALEM BLACK JAYS zone.
2:23 of 2nd period - Shot by Martin Necas.
2:23 of 2nd period - Shot Misses the Net.
2:32 of 2nd period - Blake Coleman is hit by Joshua Morrissey and loses puck.
2:49 of 2nd period - Shot by William Karlsson.
2:49 of 2nd period - Stopped by Elvis Merzlikins with a rebound.
2:51 of 2nd period - Shot by Blake Coleman.
2:51 of 2nd period - Goal by Blake Coleman - RENO LIONS : 3 - SALEM BLACK JAYS : 2.
2:52 of 2nd period - Dylan Larkin wins face-off versus Leo Komarov in neutral zone.
3:05 of 2nd period - Shot by Dylan Larkin.
3:05 of 2nd period - Stopped by Thomas Greiss with a rebound.
3:31 of 2nd period - Shot by Vincent Hinostroza.
3:31 of 2nd period - Stopped by Elvis Merzlikins without a rebound.
3:32 of 2nd period - Filip Chytil wins face-off versus Elias Pettersson in SALEM BLACK JAYS zone.
3:38 of 2nd period - Icing by Troy Terry.
3:39 of 2nd period - Elias Pettersson wins face-off versus Filip Chytil in SALEM BLACK JAYS zone.
3:39 of 2nd period - Elias Pettersson is hit by Scott Mayfield.
4:56 of 2nd period - Mikko Rantanen is hit by Jacob Trouba and loses puck.
5:16 of 2nd period - Icing by Cody Ceci.
5:17 of 2nd period - Dylan Larkin wins face-off versus Leo Komarov in SALEM BLACK JAYS zone.
5:34 of 2nd period - Shot by Mikko Rantanen.
5:34 of 2nd period - Goal by Mikko Rantanen - RENO LIONS : 3 - SALEM BLACK JAYS : 3.
5:35 of 2nd period - William Karlsson wins face-off versus Casey Cizikas in neutral zone.
5:35 of 2nd period - William Karlsson is hit by Martin Necas.
5:55 of 2nd period - Casey Cizikas is hit by Jacob Trouba and loses puck.
6:05 of 2nd period - Matthew Calvert is hit by Jacob Trouba and loses puck.
6:06 of 2nd period - Minor Penalty to Jacob Trouba for Roughing.
6:07 of 2nd period - Dylan Larkin wins face-off versus Blake Coleman in RENO LIONS zone.
6:20 of 2nd period - Shot by Dylan Larkin.
6:20 of 2nd period - Goal by Dylan Larkin - RENO LIONS : 3 - SALEM BLACK JAYS : 4.
6:21 of 2nd period - Filip Chytil wins face-off versus Leo Komarov in neutral zone.
6:34 of 2nd period - Shot by Filip Chytil.
6:34 of 2nd period - Stopped by Thomas Greiss without a rebound.
6:35 of 2nd period - Elias Pettersson wins face-off versus Mathew Barzal in RENO LIONS zone.
6:52 of 2nd period - Shot by Mitchell Marner.
6:52 of 2nd period - Shot Blocked by Oscar Klefbom.
7:16 of 2nd period - Shot by Mitchell Marner.
7:16 of 2nd period - Stopped by Thomas Greiss without a rebound.
7:17 of 2nd period - Dylan Larkin wins face-off versus William Karlsson in RENO LIONS zone.
7:22 of 2nd period - Shot by Dylan Larkin.
7:22 of 2nd period - Stopped by Thomas Greiss with a rebound.
7:29 of 2nd period - Icing by William Karlsson.
7:30 of 2nd period - Casey Cizikas wins face-off versus William Karlsson in RENO LIONS zone.
7:32 of 2nd period - Martin Necas is hit by Robert Hagg and loses puck.
7:41 of 2nd period - Shot by William Karlsson.
7:41 of 2nd period - Shot Misses the Net.
7:43 of 2nd period - Shot by Anders Lee.
7:43 of 2nd period - Deflect By Blake Coleman.
7:43 of 2nd period - Shot Misses the Net.
7:50 of 2nd period - Minor Penalty to Robert Hagg for Tripping.
7:51 of 2nd period - Mathew Barzal wins face-off versus Blake Coleman in RENO LIONS zone.
7:52 of 2nd period - Shot by Mikko Rantanen.
7:52 of 2nd period - Shot Misses the Net.
8:04 of 2nd period - Shot by Mikko Rantanen.
8:04 of 2nd period - Stopped by Thomas Greiss without a rebound.
8:05 of 2nd period - Blake Coleman wins face-off versus Dylan Larkin in RENO LIONS zone.
8:18 of 2nd period - Shot by Dylan Larkin.
8:18 of 2nd period - Shot Blocked by Jacob Trouba.
9:20 of 2nd period - Shot by Mathew Barzal.
9:20 of 2nd period - Stopped by Thomas Greiss without a rebound.
9:21 of 2nd period - Blake Coleman wins face-off versus Mathew Barzal in RENO LIONS zone.
9:33 of 2nd period - Icing by Mikko Rantanen.
9:34 of 2nd period - Blake Coleman wins face-off versus Mathew Barzal in SALEM BLACK JAYS zone.
9:55 of 2nd period - Elias Pettersson is hit by Casey Cizikas and loses puck.
11:06 of 2nd period - Shot by Andreas Athanasiou.
11:06 of 2nd period - Stopped by Thomas Greiss without a rebound.
11:07 of 2nd period - Leo Komarov wins face-off versus Dylan Larkin in RENO LIONS zone.
11:33 of 2nd period - Off-side.
11:34 of 2nd period - William Karlsson wins face-off versus Mathew Barzal in neutral zone.
11:39 of 2nd period - Shot by Anders Lee.
11:39 of 2nd period - Shot Misses the Net.
11:41 of 2nd period - Shot by Blake Coleman.
11:41 of 2nd period - Stopped by Elvis Merzlikins without a rebound.
11:42 of 2nd period - Mathew Barzal wins face-off versus William Karlsson in SALEM BLACK JAYS zone.
11:42 of 2nd period - Mathew Barzal is hit by Blake Coleman.
12:25 of 2nd period - Brandon Saad is hit by Robert Hagg and loses puck.
13:02 of 2nd period - Shot by Vincent Hinostroza.
13:02 of 2nd period - Shot Blocked by Josh Leivo.
13:10 of 2nd period - Shot by Leo Komarov.
13:10 of 2nd period - Stopped by Elvis Merzlikins with a rebound.
13:38 of 2nd period - Casey Cizikas is hit by Colton Sceviour.
14:07 of 2nd period - Shot by Casey Cizikas.
14:07 of 2nd period - Shot Blocked by Ryan Pulock.
16:11 of 2nd period - Off-side.
16:12 of 2nd period - Casey Cizikas wins face-off versus Tomas Nosek in neutral zone.
16:17 of 2nd period - Double Minor Penalty to Casey Cizikas for Slashing.
16:18 of 2nd period - Filip Chytil wins face-off versus Elias Pettersson in SALEM BLACK JAYS zone.
16:18 of 2nd period - Filip Chytil is hit by Elias Pettersson.
16:55 of 2nd period - Shot by Ryan Pulock.
16:55 of 2nd period - Shot Misses the Net.
17:08 of 2nd period - Off-side.
17:09 of 2nd period - William Karlsson wins face-off versus Matthew Calvert in neutral zone.
17:20 of 2nd period - Shot by William Karlsson.
17:20 of 2nd period - Goal by William Karlsson - RENO LIONS : 4 - SALEM BLACK JAYS : 4.
17:21 of 2nd period - William Karlsson wins face-off versus Matthew Calvert in neutral zone.
Goals for this period are 2 for RENO LIONS vs 2 for SALEM BLACK JAYS.
Shots for this period are 8 for RENO LIONS vs 9 for SALEM BLACK JAYS.

3rd period


0:01 of 3rd period - Mathew Barzal wins face-off versus William Karlsson in neutral zone.
0:18 of 3rd period - Shot by Mathew Barzal.
0:18 of 3rd period - Deflect By Mitchell Marner.
0:18 of 3rd period - Stopped by Thomas Greiss without a rebound.
0:19 of 3rd period - Elias Pettersson wins face-off versus Dylan Larkin in RENO LIONS zone.
1:34 of 3rd period - Shot by Mitchell Marner.
1:34 of 3rd period - Shot Blocked by Ryan Pulock.
1:48 of 3rd period - Shot by Brandon Saad.
1:48 of 3rd period - Shot Misses the Net.
1:50 of 3rd period - Shot by Mathew Barzal.
1:50 of 3rd period - Deflect By Mitchell Marner.
1:50 of 3rd period - Shot Misses the Net.
1:52 of 3rd period - Shot by Mathew Barzal.
1:52 of 3rd period - The goal is going for a video replay.
1:52 of 3rd period - The goal is refused.
1:53 of 3rd period - Casey Cizikas wins face-off versus Leo Komarov in RENO LIONS zone.
2:02 of 3rd period - Shot by Leo Komarov.
2:02 of 3rd period - Shot Misses the Net.
2:04 of 3rd period - Shot by Leo Komarov.
2:04 of 3rd period - Shot Misses the Net.
2:12 of 3rd period - Shot by Vincent Hinostroza.
2:12 of 3rd period - Stopped by Elvis Merzlikins without a rebound.
2:13 of 3rd period - Tomas Nosek wins face-off versus Filip Chytil in SALEM BLACK JAYS zone.
2:25 of 3rd period - Icing by Cody Ceci.
2:26 of 3rd period - William Karlsson wins face-off versus Filip Chytil in SALEM BLACK JAYS zone.
2:59 of 3rd period - Shot by William Karlsson.
2:59 of 3rd period - Stopped by Elvis Merzlikins without a rebound.
3:00 of 3rd period - Mathew Barzal wins face-off versus Elias Pettersson in SALEM BLACK JAYS zone.
3:17 of 3rd period - Shot by Mitchell Marner.
3:17 of 3rd period - Stopped by Thomas Greiss without a rebound.
3:18 of 3rd period - Leo Komarov wins face-off versus Dylan Larkin in RENO LIONS zone.
3:26 of 3rd period - Icing by Colton Sceviour.
3:27 of 3rd period - Mathew Barzal wins face-off versus Leo Komarov in RENO LIONS zone.
3:31 of 3rd period - Icing by Ethan Bear.
3:32 of 3rd period - Mathew Barzal wins face-off versus Leo Komarov in RENO LIONS zone.
3:35 of 3rd period - Shot by Mathew Barzal.
3:35 of 3rd period - Shot Blocked by Ethan Bear.
4:26 of 3rd period - Shot by Pierre-Luc Dubois.
4:26 of 3rd period - Shot Misses the Net.
4:42 of 3rd period - Icing by Oliver Ekman-Larsson.
4:43 of 3rd period - Dylan Larkin wins face-off versus Elias Pettersson in RENO LIONS zone.
4:46 of 3rd period - Shot by Mikko Rantanen.
4:46 of 3rd period - Shot Misses the Net.
4:48 of 3rd period - Shot by Mikko Rantanen.
4:48 of 3rd period - Shot Misses the Net.
4:58 of 3rd period - Shot by Dylan Larkin.
4:58 of 3rd period - Shot Misses the Net.
5:00 of 3rd period - Shot by Josh Leivo.
5:00 of 3rd period - Stopped by Thomas Greiss without a rebound.
5:01 of 3rd period - Casey Cizikas wins face-off versus William Karlsson in RENO LIONS zone.
5:01 of 3rd period - Martin Necas is hit by Jacob Trouba and loses puck.
5:11 of 3rd period - Casey Cizikas is hit by Jacob Trouba and loses puck.
5:21 of 3rd period - Icing by Oscar Klefbom.
5:22 of 3rd period - Dylan Larkin wins face-off versus William Karlsson in RENO LIONS zone.
6:30 of 3rd period - Icing by Oliver Ekman-Larsson.
6:31 of 3rd period - Mathew Barzal wins face-off versus Evgeny Dadonov in RENO LIONS zone.
6:31 of 3rd period - Mathew Barzal is hit by Oliver Ekman-Larsson.
7:08 of 3rd period - Mitchell Marner is hit by Oliver Ekman-Larsson and loses puck.
7:46 of 3rd period - Minor Penalty to Ryan Pulock for Interference.
7:47 of 3rd period - Blake Coleman wins face-off versus Mathew Barzal in RENO LIONS zone.
8:17 of 3rd period - Shot by Mikko Rantanen.
8:17 of 3rd period - Deflect By Mathew Barzal.
8:17 of 3rd period - Stopped by Thomas Greiss without a rebound.
8:18 of 3rd period - Dylan Larkin wins face-off versus Leo Komarov in RENO LIONS zone.
8:35 of 3rd period - Icing by Dylan Larkin.
8:36 of 3rd period - Blake Coleman wins face-off versus Dylan Larkin in SALEM BLACK JAYS zone.
11:17 of 3rd period - Shot by Vincent Hinostroza.
11:17 of 3rd period - Stopped by Elvis Merzlikins without a rebound.
11:18 of 3rd period - William Karlsson wins face-off versus Dylan Larkin in SALEM BLACK JAYS zone.
11:32 of 3rd period - Shot by Dylan Larkin.
11:32 of 3rd period - Shot Misses the Net.
11:34 of 3rd period - Shot by Josh Leivo.
11:34 of 3rd period - Shot Misses the Net.
11:36 of 3rd period - Shot by Nick Jensen.
11:36 of 3rd period - Stopped by Thomas Greiss without a rebound.
11:37 of 3rd period - Tomas Nosek wins face-off versus Mitchell Marner in RENO LIONS zone.
11:42 of 3rd period - Mitchell Marner is hit by Tomas Nosek and loses puck.
12:00 of 3rd period - Mathew Barzal is hit by Oliver Ekman-Larsson and loses puck.
12:58 of 3rd period - Icing by Cody Ceci.
12:59 of 3rd period - Dylan Larkin wins face-off versus Leo Komarov in SALEM BLACK JAYS zone.
13:37 of 3rd period - Shot by Colton Sceviour.
13:37 of 3rd period - Deflect By Vincent Hinostroza.
13:37 of 3rd period - Stopped by Elvis Merzlikins with a rebound.
13:52 of 3rd period - Elias Pettersson is hit by Joshua Morrissey and loses puck.
14:05 of 3rd period - Shot by Evgeny Dadonov.
14:05 of 3rd period - Stopped by Elvis Merzlikins without a rebound.
14:06 of 3rd period - Mathew Barzal wins face-off versus William Karlsson in SALEM BLACK JAYS zone.
14:18 of 3rd period - Anders Lee is hit by Brandon Saad and loses puck.
14:41 of 3rd period - Shot by William Karlsson.
14:41 of 3rd period - Shot Misses the Net.
15:21 of 3rd period - Shot by Pierre-Luc Dubois.
15:21 of 3rd period - Stopped by Elvis Merzlikins without a rebound.
15:22 of 3rd period - Casey Cizikas wins face-off versus Leo Komarov in SALEM BLACK JAYS zone.
15:22 of 3rd period - Casey Cizikas is hit by Leo Komarov.
15:42 of 3rd period - Shot by Colton Sceviour.
15:42 of 3rd period - Shot Misses the Net.
15:44 of 3rd period - Shot by Leo Komarov.
15:44 of 3rd period - Stopped by Elvis Merzlikins without a rebound.
15:44 of 3rd period - Minor Penalty to Cody Ceci for Holding.
15:45 of 3rd period - Casey Cizikas wins face-off versus Elias Pettersson in SALEM BLACK JAYS zone.
15:51 of 3rd period - Icing by Oscar Klefbom.
15:52 of 3rd period - Pierre-Luc Dubois wins face-off versus Casey Cizikas in RENO LIONS zone.
15:57 of 3rd period - Shot by Oscar Klefbom.
15:57 of 3rd period - Stopped by Elvis Merzlikins without a rebound.
15:58 of 3rd period - Elias Pettersson wins face-off versus Casey Cizikas in SALEM BLACK JAYS zone.
15:59 of 3rd period - Shot by Oscar Klefbom.
15:59 of 3rd period - Shot Misses the Net.
16:01 of 3rd period - Shot by Oscar Klefbom.
16:01 of 3rd period - Stopped by Elvis Merzlikins without a rebound.
16:02 of 3rd period - Elias Pettersson wins face-off versus Casey Cizikas in SALEM BLACK JAYS zone.
16:18 of 3rd period - Casey Cizikas is hit by Elias Pettersson and loses puck.
16:33 of 3rd period - Shot by Evgeny Dadonov.
16:33 of 3rd period - Stopped by Elvis Merzlikins without a rebound.
16:34 of 3rd period - William Karlsson wins face-off versus Filip Chytil in SALEM BLACK JAYS zone.
16:47 of 3rd period - Shot by Anders Lee.
16:47 of 3rd period - Shot Misses the Net.
16:49 of 3rd period - Shot by Jacob Trouba.
16:49 of 3rd period - Stopped by Elvis Merzlikins without a rebound.
16:50 of 3rd period - Casey Cizikas wins face-off versus Elias Pettersson in SALEM BLACK JAYS zone.
17:03 of 3rd period - Icing by Oscar Klefbom.
17:04 of 3rd period - Elias Pettersson wins face-off versus Casey Cizikas in RENO LIONS zone.
17:49 of 3rd period - Icing by Scott Mayfield.
17:50 of 3rd period - Dylan Larkin wins face-off versus William Karlsson in SALEM BLACK JAYS zone.
17:58 of 3rd period - Minor Penalty to Blake Coleman for Interference.
17:59 of 3rd period - Mathew Barzal wins face-off versus Colton Sceviour in RENO LIONS zone.
18:24 of 3rd period - Shot by Mikko Rantanen.
18:24 of 3rd period - Deflect By Mathew Barzal.
18:24 of 3rd period - Stopped by Thomas Greiss without a rebound.
18:25 of 3rd period - Brandon Saad wins face-off versus Colton Sceviour in RENO LIONS zone.
19:22 of 3rd period - Minor Penalty to Mikko Rantanen for Close Hand On Puck.
19:23 of 3rd period - William Karlsson wins face-off versus Mathew Barzal in SALEM BLACK JAYS zone.
19:35 of 3rd period - Martin Necas is hit by Robert Hagg.
19:47 of 3rd period - Shot by Martin Necas.
19:47 of 3rd period - Shot Misses the Net.
19:52 of 3rd period - Minor Penalty to Oliver Ekman-Larsson for High sticking.
19:53 of 3rd period - Colton Sceviour wins face-off versus Dylan Larkin in RENO LIONS zone.
Goals for this period are 0 for RENO LIONS vs 0 for SALEM BLACK JAYS.
Shots for this period are 11 for RENO LIONS vs 7 for SALEM BLACK JAYS.

Overtime #1


0:01 of 1st overtime period - William Karlsson wins face-off versus Dylan Larkin in neutral zone.
0:12 of 1st overtime period - Shot by Elias Pettersson.
0:12 of 1st overtime period - Stopped by Elvis Merzlikins without a rebound.
0:13 of 1st overtime period - Dylan Larkin wins face-off versus William Karlsson in SALEM BLACK JAYS zone.
0:45 of 1st overtime period - Icing by Dylan Larkin.
0:46 of 1st overtime period - William Karlsson wins face-off versus Dylan Larkin in SALEM BLACK JAYS zone.
1:20 of 1st overtime period - Shot by Brandon Saad.
1:20 of 1st overtime period - Deflect By Mitchell Marner.
1:20 of 1st overtime period - Shot Misses the Net.
1:40 of 1st overtime period - Shot by Mitchell Marner.
1:40 of 1st overtime period - Stopped by Thomas Greiss without a rebound.
1:41 of 1st overtime period - Martin Necas wins face-off versus Blake Coleman in RENO LIONS zone.
2:06 of 1st overtime period - Shot by Pierre-Luc Dubois.
2:06 of 1st overtime period - Shot Misses the Net.
2:14 of 1st overtime period - Shot by Anders Lee.
2:14 of 1st overtime period - Stopped by Elvis Merzlikins with a rebound.
2:16 of 1st overtime period - Shot by Jacob Trouba.
2:16 of 1st overtime period - Deflect By Pierre-Luc Dubois.
2:16 of 1st overtime period - Stopped by Elvis Merzlikins without a rebound.
2:17 of 1st overtime period - William Karlsson wins face-off versus Mikko Rantanen in SALEM BLACK JAYS zone.
2:20 of 1st overtime period - Shot by Oscar Klefbom.
2:20 of 1st overtime period - Stopped by Elvis Merzlikins without a rebound.
2:21 of 1st overtime period - William Karlsson wins face-off versus Dylan Larkin in SALEM BLACK JAYS zone.
3:21 of 1st overtime period - Shot by Mikko Rantanen.
3:21 of 1st overtime period - Shot Blocked by Jacob Trouba.
3:23 of 1st overtime period - Shot by Mikko Rantanen.
3:23 of 1st overtime period - Goal by Mikko Rantanen - RENO LIONS : 4 - SALEM BLACK JAYS : 5.
Goals for this period are 0 for RENO LIONS vs 1 for SALEM BLACK JAYS.
Shots for this period are 4 for RENO LIONS vs 2 for SALEM BLACK JAYS.


RYAN
NUGENT-HOPKINS
THATCHER
DEMKO
MITCHELL
MARNER

EAST COAST

HOCKEY LEAGUE

  • 13.MAN3PIT5
  • 14.NHW2ATL3
  • 15.PET5WOR4
  • 16.RHI30
  • 17.QUECHI
  • 18.CHALIM
  • 19.TRVLON
  • 20.CHWBAL